[Event "Titled Tuesday Blitz May 30 Late 2023"]
[White "Durarbayli, Vasif"]
[Black "Sarana, Alexey"]
[WhiteFideId "13402935"]
[BlackFideId "24133795"]
[WhiteElo "2551"]
[BlackElo "2714"]
[Result "1-0"]
[Round "07"]
[TimeControl "180+2"]
[Date "2023.05.31"]
[WhiteClock "0:00:19"]
[BlackClock "0:00:04"]

1. e4 c5 2. Nf3 d6 3. d4 cxd4 4. Nxd4 Nf6 5. Nc3 a6 6. Be2 e5 7. Nb3 Be7 8. O-O O-O 9. Re1 h6 10. h3 Be6 11. Bf3 Nbd7 12. a4 Nb6 13. Nd2 Rc8 14. Nf1 d5 15. exd5 Nbxd5 16. Nxd5 Nxd5 17. c3 Qd6 18. Ne3 Rfd8 19. Bxd5 Bxd5 20. Nf5 Qf6 21. Qg4 Rc4 22. Nxe7+ Qxe7 23. Qg3 f6 24. Bxh6 Bc6 25. Rad1 Rxd1 26. Rxd1 Kh7 27. Qd3+ Re4 28. f3 Qc5+ 29. Kh1 Kxh6 30. fxe4 Bxa4 31. Re1 Kh7 32. Qf3 Qb6 33. b4 Qc7 34. Re3 Be8 35. Rd3 b6 36. Qg4 a5 37. bxa5 bxa5 38. Qe6 Bb5 39. Rd5 Ba4 40. Qf5+ Kh6 41. Rd3 Be8 42. Rg3 Bh5 43. Qe6 a4 44. Qg8 Bg6 45. Rg4 Qxc3 46. Qh8+ Bh7 47. Qxg7+ 1-0


[Site "https://www.chess.com"]

[Event "Titled Tuesday Blitz May 30 Late 2023"]
[White "Zhigalko, Sergei"]
[Black "Bortnyk, Olexandr"]
[WhiteFideId "13502956"]
[BlackFideId "14120828"]
[WhiteElo "2626"]
[BlackElo "2734"]
[Result "0-1"]
[Round "07"]
[TimeControl "180+2"]
[Date "2023.05.31"]
[WhiteClock "0:00:02"]
[BlackClock "0:00:02"]

1. e4 d6 2. d4 Nf6 3. Nc3 e5 4. Nf3 Nbd7 5. Bc4 Be7 6. a4 c6 7. a5 O-O 8. O-O Qc7 9. Re1 exd4 10. Nxd4 Re8 11. Bf4 Bf8 12. h3 Rb8 13. Ba2 b5 14. axb6 axb6 15. Bg3 b5 16. b4 Ne5 17. Bb3 g6 18. Qd2 Bg7 19. Rad1 Bd7 20. Nf3 Nxf3+ 21. gxf3 Rbd8 22. Qxd6 Qc8 23. Qc7 Qxc7 24. Bxc7 Rc8 25. Bb6 Bxh3 26. Ne2 Nd7 27. Be3 Ne5 28. Nd4 Be6 29. Kg2 Bc4 30. f4 Ng4 31. e5 h5 32. Bxc4 bxc4 33. Kf3 c5 34. Nb5 cxb4 35. Nd6 Red8 36. Nxc8 Rxc8 37. Rb1 Bf8 38. Red1 Nh6 39. Rd7 Nf5 40. Rb7 h4 41. Kg4 Be7 42. Rb6 c3 43. e6 fxe6 44. Rxe6 Kf7 45. Rb6 Rc4 46. Kf3 Bd6 47. Ra1 Ke6 48. Raa6 Kd7 49. Rb5 h3 50. Rd5 h2 51. Rd1 b3 52. cxb3 Rb4 53. Ra7+ Ke6 54. Ra6 Rxb3 55. Rh1 c2 56. Raa1 Bc5 57. Rac1 Bxe3 58. fxe3 Rxe3+ 59. Kg4 Rg3# 0-1


[Site "https://www.chess.com"]

[Event "Titled Tuesday Blitz May 30 Late 2023"]
[White "Xiong, Jeffery"]
[Black "Moussard, Jules"]
[WhiteFideId "2047640"]
[BlackFideId "642908"]
[WhiteElo "2726"]
[BlackElo "2610"]
[Result "1/2-1/2"]
[Round "07"]
[TimeControl "180+2"]
[Date "2023.05.31"]
[WhiteClock "0:01:35"]
[BlackClock "0:00:50"]

1. e4 e5 2. Nf3 Nf6 3. Nc3 Nc6 4. d4 exd4 5. Nxd4 Nxe4 6. Nxe4 Qe7 7. Bd3 Nxd4 8. O-O d5 9. Bc4 Nf3+ 10. Qxf3 Qxe4 11. Bxd5 Qxf3 12. Bxf3 c6 13. a4 a5 14. Be3 Be6 15. Rfd1 Be7 16. h3 O-O 17. Bg4 f5 18. Bf3 Rfd8 19. Bb6 Rxd1+ 20. Rxd1 Kf7 21. Be2 Ke8 22. Kf1 Bd8 23. Bxd8 Rxd8 24. Rxd8+ Kxd8 25. f4 Ke7 26. Kf2 Kd6 27. Ke3 Kc5 28. g4 b5 29. c3 b4 30. Bd1 h6 31. g5 Kc4 32. gxh6 gxh6 33. Kd2 Kc5 34. Bc2 Bc8 35. Ke3 bxc3 36. bxc3 Be6 37. Kd2 Bc8 38. Ke3 Be6 39. Kd2 Bc8 40. Ke3 1/2-1/2


[Site "https://www.chess.com"]

[Event "Titled Tuesday Blitz May 30 Late 2023"]
[White "Lazavik, Denis"]
[Black "Rustemov, Alexander"]
[WhiteFideId "13515110"]
[BlackFideId "4119002"]
[WhiteElo "2560"]
[BlackElo "2881"]
[Result "0-1"]
[Round "07"]
[TimeControl "180+2"]
[Date "2023.05.31"]
[WhiteClock "0:00:43"]
[BlackClock "0:01:48"]

1. d4 g6 2. c4 Bg7 3. Nf3 c5 4. e4 Qa5+ 5. Nc3 cxd4 6. Nxd4 Nc6 7. Be3 Nf6 8. Be2 Nxe4 9. Rc1 Nxc3 10. Rxc3 Qxa2 11. O-O O-O 12. Ra3 Qxb2 13. Nb5 d6 14. Rb3 Qe5 15. Qd2 Bf5 16. Nc7 Rab8 17. Rb6 0-1


[Site "https://www.chess.com"]

[Event "Titled Tuesday Blitz May 30 Late 2023"]
[White "Paravyan, David"]
[Black "Maksimovic, Bojan"]
[WhiteFideId "4194985"]
[BlackFideId "14408120"]
[WhiteElo "2563"]
[BlackElo "2468"]
[Result "0-1"]
[Round "07"]
[TimeControl "180+2"]
[Date "2023.05.31"]
[WhiteClock "0:00:02"]
[BlackClock "0:00:04"]

1. e4 g6 2. d4 Nf6 3. Bd3 Nc6 4. e5 Nh5 5. Nf3 d6 6. h3 dxe5 7. dxe5 Bf5 8. g4 Bxd3 9. cxd3 Ng7 10. d4 h5 11. Rg1 hxg4 12. hxg4 Qd7 13. Nc3 O-O-O 14. Be3 Nb4 15. Qb3 Nd5 16. Nxd5 Qxd5 17. Qxd5 Rxd5 18. O-O-O Ne6 19. Rh1 Rxh1 20. Rxh1 Kd7 21. Rh7 Ke8 22. Rh8 f6 23. g5 f5 24. Nh4 Kf7 25. f4 Nxd4 26. Bxd4 Rxd4 27. e6+ Kg7 28. Rh6 Rxf4 29. Nxg6 Re4 30. Nh4 Re5 31. Kd2 Kg8 32. Rg6+ Kh7 33. Kd3 Re4 34. Nxf5 Re5 35. Nxe7 Bxe7 36. Rh6+ Kg7 37. Rh2 Rxg5 38. Rc2 c6 39. Ke4 Rg6 40. Kf5 Rf6+ 41. Ke5 Rf1 42. Rd2 Re1+ 43. Kf5 Rf1+ 44. Ke5 Bf6+ 45. Kd6 Rf5 46. Kc7 Rd5 47. Re2 Kf8 48. Kxb7 c5 49. Kxa7 Ke7 50. Kb6 c4 51. Rc2 Bd4+ 52. Ka6 Rc5 53. b4 Rc8 54. b5 Kxe6 0-1


[Site "https://www.chess.com"]

[Event "Titled Tuesday Blitz May 30 Late 2023"]
[White "Kevlishvili, Robby"]
[Black "Tejedor Fuente, Enrique"]
[WhiteFideId "1040634"]
[BlackFideId "2299100"]
[WhiteElo "2572"]
[BlackElo "2496"]
[Result "0-1"]
[Round "07"]
[TimeControl "180+2"]
[Date "2023.05.31"]
[WhiteClock "0:01:13"]
[BlackClock "0:00:03"]

1. e4 c5 2. Nf3 d6 3. Nc3 Nf6 4. d4 cxd4 5. Nxd4 a6 6. Rg1 h5 7. h3 e6 8. g4 hxg4 9. hxg4 g6 10. g5 Nh5 11. Be3 b5 12. Qd2 Bb7 13. Bd3 Nd7 14. O-O-O Be7 15. f4 e5 16. f5 exd4 17. Bxd4 Ne5 18. f6 Nxf6 19. gxf6 Bxf6 20. Rgf1 Bg5 21. Be3 Bxe3 22. Qxe3 Qc7 23. Bxb5+ axb5 24. Nxb5 Qe7 25. Nxd6+ Kf8 26. Qb3 Bc8 27. Qd5 Rb8 28. Rd2 Kg7 29. Rdf2 Qg5+ 30. Kb1 Be6 31. Qd4 Rhd8 32. Rf5 Bxf5 33. Qxe5+ Kg8 34. exf5 Rb6 35. fxg6 Qxe5 36. gxf7+ Kf8 0-1


[Site "https://www.chess.com"]

[Event "Titled Tuesday Blitz May 30 Late 2023"]
[White "Henriquez Villagra, Cristobal"]
[Black "Hambleton, Aman"]
[WhiteFideId "3409350"]
[BlackFideId "2606577"]
[WhiteElo "2542"]
[BlackElo "2511"]
[Result "1-0"]
[Round "07"]
[TimeControl "180+2"]
[Date "2023.05.31"]
[WhiteClock "0:01:31"]
[BlackClock "0:00:01"]

1. e4 b6 2. d4 Bb7 3. Bd3 e6 4. Nf3 d5 5. e5 Ba6 6. O-O Bxd3 7. Qxd3 Ne7 8. b3 Qd7 9. c4 Nbc6 10. Nc3 Rd8 11. Be3 dxc4 12. bxc4 Nf5 13. Rad1 Nxe3 14. fxe3 Be7 15. Ne4 h6 16. a3 Na5 17. d5 Qa4 18. d6 Qxc4 19. Qxc4 Nxc4 20. dxe7 Kxe7 21. Rc1 b5 22. Nd4 Rd5 23. Nc6+ Ke8 24. Nxa7 Rxe5 25. Nc3 c6 26. Nxc6 Rxe3 27. Nxb5 Nxa3 28. Rcd1 Nxb5 29. Rd8# 1-0


[Site "https://www.chess.com"]

[Event "Titled Tuesday Blitz May 30 Late 2023"]
[White "Maurizzi, Marc`Andria"]
[Black "Demidov, Mikhail"]
[WhiteFideId "36083534"]
[BlackFideId "4197143"]
[WhiteElo "2421"]
[BlackElo "2500"]
[Result "0-1"]
[Round "07"]
[TimeControl "180+2"]
[Date "2023.05.31"]
[WhiteClock "0:00:38"]
[BlackClock "0:00:17"]

1. e4 g6 2. d4 Bg7 3. Nf3 d6 4. Nc3 a6 5. a4 Nf6 6. h3 O-O 7. Be2 Nc6 8. O-O e5 9. dxe5 dxe5 10. Bg5 Be6 11. Nd5 Bxd5 12. Bxf6 Bxf6 13. exd5 Nb4 14. Bc4 e4 15. Nd2 Re8 16. c3 Nxd5 17. Nxe4 Nb6 18. Qf3 Kg7 19. Bb3 Qe7 20. Rfe1 Be5 21. a5 Nd7 22. Rad1 Rad8 23. Ng3 Nc5 24. Rxd8 Rxd8 25. Ba2 Qf6 26. Qxf6+ Kxf6 27. Nf1 Nd3 28. Rd1 Rd6 29. Rd2 Bf4 30. Rc2 h5 31. g3 Bh6 32. Kg2 Ne1+ 0-1


[Site "https://www.chess.com"]

[Event "Titled Tuesday Blitz May 30 Late 2023"]
[White "Hajiyev, Kanan"]
[Black "Ibarra Jerez, Jose Carlos"]
[WhiteFideId "13404148"]
[BlackFideId "2226332"]
[WhiteElo "2103"]
[BlackElo "2638"]
[Result "0-1"]
[Round "07"]
[TimeControl "180+2"]
[Date "2023.05.31"]
[WhiteClock "0:00:01"]
[BlackClock "0:00:16"]

1. d4 Nf6 2. Nf3 g6 3. g3 d6 4. Bg2 Bg7 5. O-O O-O 6. b3 b5 7. a4 b4 8. Bb2 Bb7 9. Nbd2 Nbd7 10. Re1 c5 11. e4 cxd4 12. Nxd4 Qc7 13. Nc4 Rac8 14. Nb5 Qb8 15. Qd2 a6 16. Nd4 e5 17. Nf3 Nxe4 18. Qxb4 Qa7 19. Re2 Ndc5 20. Rd1 Rfd8 21. Qb6 Qa8 22. Na5 Bd5 23. c4 Rb8 24. Qxd8+ Rxd8 25. Rxd5 Qb8 26. Nc6 Qxb3 27. Nxd8 Qxc4 28. Rxc5 Qxe2 29. Rc8 h6 30. Bc1 Qd1+ 31. Bf1 Qxf3 0-1


[Site "https://www.chess.com"]

[Event "Titled Tuesday Blitz May 30 Late 2023"]
[White "reevecanada"]
[Black "Deac, Bogdan-Daniel"]
[BlackFideId "1226380"]
[WhiteElo "2497"]
[BlackElo "2649"]
[Result "0-1"]
[Round "07"]
[TimeControl "180+2"]
[Date "2023.05.31"]
[WhiteClock "0:00:10"]
[BlackClock "0:01:06"]

1. e4 g6 2. Nf3 Bg7 3. d4 d6 4. c3 Nd7 5. Bd3 e5 6. O-O Ne7 7. h3 O-O 8. Re1 h6 9. Nbd2 Nc6 10. Nb3 Re8 11. a3 a5 12. Bb5 a4 13. Bxc6 bxc6 14. Nbd2 exd4 15. cxd4 c5 16. d5 Nf6 17. Qc2 Qd7 18. Nc4 Qb5 19. Bd2 Qb3 20. Qxb3 axb3 21. e5 dxe5 22. Ncxe5 Bf5 23. Rac1 Bc2 24. Be3 Ne4 25. Nc4 Ra4 26. Rxc2 bxc2 27. b3 Rxc4 28. bxc4 Nc3 29. Bd2 Rxe1+ 30. Nxe1 c1=Q 31. Bxc1 Ne2+ 32. Kf1 Nxc1 33. a4 Bc3 34. Nc2 Kf8 35. Na3 Ke7 36. Nb5 Ba5 37. f3 Nd3 38. Ke2 Nb2 39. Na3 Kd7 40. Ke3 Bb4 41. Nc2 Nxc4+ 0-1


[Site "https://www.chess.com"]

[Event "Titled Tuesday Blitz May 30 Late 2023"]
[White "Naroditsky, Daniel"]
[Black "Halkias, Stelios"]
[WhiteFideId "2026961"]
[BlackFideId "4201809"]
[WhiteElo "2633"]
[BlackElo "2451"]
[Result "1-0"]
[Round "07"]
[TimeControl "180+2"]
[Date "2023.05.31"]
[WhiteClock "0:00:27"]
[BlackClock "0:00:32"]

1. e4 e5 2. Nf3 d6 3. Bc4 Be7 4. Nc3 Nf6 5. d4 exd4 6. Nxd4 O-O 7. O-O Re8 8. Re1 Nbd7 9. Bg5 Ne5 10. Bb3 h6 11. Bf4 Ng6 12. Bg3 c6 13. a4 Bf8 14. h3 Qc7 15. Qd2 Bd7 16. Rad1 Rad8 17. Re3 Nh5 18. Rf3 Be6 19. Nxe6 fxe6 20. Bh2 Kh8 21. Rd3 e5 22. Ne2 Be7 23. Ng3 Bg5 24. Qe1 Nxg3 25. Bxg3 Rf8 26. Be6 Nf4 27. Bg4 Qe7 28. Bxf4 exf4 29. Qb4 Bf6 30. Rxd6 Be5 31. Rxh6+ gxh6 32. Qxe7 Rxd1+ 33. Bxd1 1-0


[Site "https://www.chess.com"]

[Event "Titled Tuesday Blitz May 30 Late 2023"]
[White "Thomforde-Toates, Noah"]
[Black "Babazada, Khazar"]
[WhiteFideId "30951992"]
[BlackFideId "13413554"]
[WhiteElo "2751"]
[BlackElo "2351"]
[Result "1-0"]
[Round "07"]
[TimeControl "180+2"]
[Date "2023.05.31"]
[WhiteClock "0:00:05"]
[BlackClock "0:00:03"]

1. d4 Nf6 2. Nc3 g6 3. Bf4 d5 4. e3 Bg7 5. h4 O-O 6. h5 Nc6 7. hxg6 hxg6 8. Nf3 Bg4 9. Be2 Nh5 10. Ne5 Bxe2 11. Qxe2 Nxf4 12. exf4 Nxd4 13. Qd3 c5 14. Qh3 Re8 15. O-O-O Qd6 16. Rde1 b5 17. Nd7 f6 18. g3 Rad8 19. Qh7+ Kf7 20. Rh6 Qxd7 21. Qxg6+ Kf8 22. Rh7 e5 23. Reh1 exf4 24. Rh8+ Ke7 25. Qxg7+ Kd6 26. Qxd7+ Kxd7 27. R1h7+ Kc6 28. Rxe8 Rxe8 29. gxf4 b4 30. Nd1 Re2 31. Ne3 Rxf2 32. Rh6 Re2 33. Rxf6+ Kb5 34. Nxd5 Rxc2+ 35. Kb1 Rf2 36. b3 c4 37. Nc7+ Kc5 38. Na6+ Kd5 39. Nxb4+ Ke4 40. bxc4 Ne2 41. Re6+ Kd4 42. Nc2+ Kd3 43. Re3+ Kd2 44. Kb2 Nc1 45. Re8 Nd3+ 46. Kb3 Rf1 47. Na3 Rxf4 48. Rd8 Rf3 49. c5 Ke3 50. Nc4+ Ke4 51. Nd2+ Ke3 52. Nxf3 Nxc5+ 53. Kc4 Nb7 54. Rd7 1-0


[Site "https://www.chess.com"]

[Event "Titled Tuesday Blitz May 30 Late 2023"]
[White "Muradli, Mahammad"]
[Black "Prohaszka, Peter"]
[WhiteFideId "13409301"]
[BlackFideId "726265"]
[WhiteElo "2558"]
[BlackElo "2626"]
[Result "1-0"]
[Round "07"]
[TimeControl "180+2"]
[Date "2023.05.31"]
[WhiteClock "0:00:12"]
[BlackClock "0:00:01"]

1. Nf3 d5 2. d4 Nf6 3. c4 c6 4. e3 Bf5 5. Nc3 e6 6. Bd3 Bg6 7. O-O Nbd7 8. Re1 Bb4 9. Bxg6 hxg6 10. Qb3 a5 11. h3 Ne4 12. Nxe4 dxe4 13. Nd2 Qh4 14. a3 Bxd2 15. Bxd2 b6 16. d5 Ne5 17. Bc3 Nf3+ 18. Kf1 Nxe1 19. Rxe1 O-O 20. dxc6 Qd8 21. Be5 Qd3+ 22. Qxd3 exd3 23. c7 f6 24. Bd6 Rf7 25. Rd1 Rd7 26. Rxd3 Rc8 27. Ke2 e5 28. b4 axb4 29. axb4 Kf7 30. b5 Ke6 31. c5 Rdxc7 32. Bxc7 Rxc7 33. c6 Ke7 34. g4 Ra7 35. Kf3 1-0


[Site "https://www.chess.com"]

[Event "Titled Tuesday Blitz May 30 Late 2023"]
[White "Grigoriants, Sergey"]
[Black "Kourkoulos-Arditis, Stamatis"]
[WhiteFideId "4130804"]
[BlackFideId "4221990"]
[WhiteElo "2502"]
[BlackElo "2400"]
[Result "1-0"]
[Round "07"]
[TimeControl "180+2"]
[Date "2023.05.31"]
[WhiteClock "0:00:40"]
[BlackClock "0:00:28"]

1. d4 c5 2. d5 Nf6 3. Nc3 g6 4. e4 d6 5. Bb5+ Bd7 6. a4 Bg7 7. Nf3 O-O 8. O-O Bxb5 9. axb5 Nbd7 10. Re1 Ne8 11. Bf4 Nc7 12. Qe2 Nb6 13. Ra5 Qd7 14. Rea1 f5 15. e5 Ncxd5 16. Nxd5 Nxd5 17. Qc4 e6 18. exd6 b6 19. R5a2 h6 20. Ne5 Qxd6 21. Nxg6 Nxf4 22. Nxf4 Rfe8 23. g3 Re7 24. Re1 Rae8 25. c3 Kh7 26. Raa1 e5 27. Rad1 Qb8 28. Nh5 Bh8 29. Rd5 Rf7 30. Rdxe5 Ref8 31. Re7 Kg6 32. Nf4+ 1-0


[Site "https://www.chess.com"]

[Event "Titled Tuesday Blitz May 30 Late 2023"]
[White "Vlassov, Nikolai"]
[Black "Hansen, Eric"]
[WhiteFideId "4103360"]
[BlackFideId "2606771"]
[WhiteElo "2324"]
[BlackElo "2561"]
[Result "0-1"]
[Round "07"]
[TimeControl "180+2"]
[Date "2023.05.31"]
[WhiteClock "0:00:49"]
[BlackClock "0:01:59"]

1. e4 c5 2. c3 Nf6 3. e5 Nd5 4. d4 cxd4 5. cxd4 Nc6 6. Nc3 Nxc3 7. bxc3 d6 8. f4 Qc7 9. Bd2 Bf5 10. Nf3 e6 11. Be2 Be7 12. O-O O-O 13. a4 Rfd8 14. Qe1 h6 15. Be3 Na5 16. h3 Rac8 17. g4 Be4 18. Nd2 Bh7 19. c4 dxe5 20. fxe5 Bb4 21. g5 hxg5 22. Qg3 Bxd2 23. Bxd2 Rxd4 24. Bxg5 Re4 25. Bf6 Bg6 26. Bd3 Qc5+ 27. Kh2 Re3 28. Qg1 Rxd3 0-1


[Site "https://www.chess.com"]

[Event "Titled Tuesday Blitz May 30 Late 2023"]
[White "Gubajdullin, Alexei"]
[Black "Gorovets, Andrey"]
[WhiteFideId "4141202"]
[BlackFideId "13504037"]
[WhiteElo "2279"]
[BlackElo "2459"]
[Result "1-0"]
[Round "07"]
[TimeControl "180+2"]
[Date "2023.05.31"]
[WhiteClock "0:00:10"]
[BlackClock "0:00:08"]

1. d4 d5 2. Nf3 Nf6 3. Bf4 c5 4. e3 cxd4 5. exd4 Nc6 6. c3 Nh5 7. Be3 Bf5 8. Ne5 Nf6 9. Qa4 Bd7 10. Nxd7 Qxd7 11. Nd2 e6 12. Be2 Bd6 13. Qd1 Qc7 14. g3 h5 15. h4 Ne7 16. Bg5 Nf5 17. Bxf6 gxf6 18. Nf1 Ke7 19. Bxh5 Rag8 20. Bf3 Bxg3 21. fxg3 Nxg3 22. Nxg3 Rxg3 23. Rf1 Qf4 24. Qe2 Rxh4 25. Bxd5 Qg5 26. Bf3 Rhh3 27. Kd1 Qf4 28. Bg2 Rxg2 29. Qxg2 Rd3+ 30. Kc2 Qe3 31. Rad1 1-0


[Site "https://www.chess.com"]

[Event "Titled Tuesday Blitz May 30 Late 2023"]
[White "Bordi, Kevin"]
[Black "Kramnik, Vladimir"]
[WhiteFideId "621862"]
[BlackFideId "4101588"]
[WhiteElo "2775"]
[BlackElo "2703"]
[Result "0-1"]
[Round "07"]
[TimeControl "180+2"]
[Date "2023.05.31"]
[WhiteClock "0:00:07"]
[BlackClock "0:00:02"]

1. e4 c5 2. Nf3 e6 3. b4 cxb4 4. d4 d5 5. e5 Bd7 6. a3 Nc6 7. axb4 Bxb4+ 8. c3 Be7 9. Bd3 h5 10. Na3 a6 11. Nc2 Nh6 12. Ne3 Qc7 13. O-O g5 14. Nc2 g4 15. Ng5 O-O-O 16. Qe2 Nb8 17. f4 Rdf8 18. Ba3 Bxa3 19. Rxa3 f6 20. exf6 Rxf6 21. g3 h4 22. Rb3 hxg3 23. hxg3 Nf5 24. Bxf5 exf5 25. Qe5 Rfh6 26. Ne3 Qxe5 27. dxe5 Bb5 28. Rxb5 axb5 29. Nxf5 Rh1+ 30. Kf2 R8h2+ 31. Ke1 Nc6 32. Rxh1 Rxh1+ 33. Kd2 d4 34. cxd4 b4 35. d5 Rh2+ 36. Kc1 Na5 37. e6 Nc4 38. e7 Kd7 39. Ne4 b3 40. Nf6+ Kc7 41. d6+ Kb6 42. Nd5+ Kc5 43. Nc3 Rh1+ 44. Nd1 b2+ 45. Kc2 Rxd1 46. Kxd1 b1=Q+ 47. Ke2 Qe4+ 48. Ne3 Qxe3+ 49. Kf1 Kxd6 50. e8=Q Qxe8 51. Kg2 Qe2+ 52. Kh1 Ne3 53. Kg1 Qg2# 0-1


[Site "https://www.chess.com"]

[Event "Titled Tuesday Blitz May 30 Late 2023"]
[White "Eugene, Floryan"]
[Black "Bok, Benjamin"]
[WhiteFideId "20694784"]
[BlackFideId "1017063"]
[WhiteElo "2369"]
[BlackElo "2657"]
[Result "1/2-1/2"]
[Round "07"]
[TimeControl "180+2"]
[Date "2023.05.31"]
[WhiteClock "0:00:10"]
[BlackClock "0:00:03"]

1. b3 d5 2. Bb2 Bf5 3. e3 e6 4. Nf3 h6 5. d3 Nf6 6. Be2 Bh7 7. O-O Nbd7 8. Nbd2 Bd6 9. c4 c6 10. h3 O-O 11. Re1 Qe7 12. Bf1 e5 13. a3 a5 14. Rc1 Rfe8 15. cxd5 cxd5 16. Nb1 Rac8 17. Qd2 b6 18. Rxc8 Rxc8 19. Rc1 Rxc1 20. Qxc1 Nc5 21. Qc3 Nfd7 22. Nbd2 Ne6 23. Qc6 Nc7 24. e4 dxe4 25. Nxe4 Bxe4 26. dxe4 Ne6 27. Bb5 Nf6 28. Nxe5 Bxa3 29. Qc8+ Qf8 30. Qxf8+ Bxf8 31. Nc4 Nxe4 32. Nxb6 Bc5 33. Nc4 Bxf2+ 34. Kf1 Bd4 35. Bxd4 Nxd4 36. Ba4 Nc5 37. Nxa5 g5 38. Kf2 Kg7 39. Ke3 Nf5+ 40. Ke2 h5 41. Nc6 Kf6 42. g4 hxg4 43. hxg4 Ng7 44. Nd4 Nge6 45. Nf3 Nf4+ 46. Ke3 Nd5+ 47. Kd4 Nxa4 48. bxa4 Nb4 49. a5 Nc6+ 50. Kc5 Nxa5 51. Nd4 Nb7+ 52. Kc6 Nd8+ 53. Kd5 Ne6 54. Nf3 Nf4+ 55. Ke4 Ng6 56. Nd4 Ne7 57. Nb3 Ng8 58. Nc5 Kg6 59. Kf3 f6 60. Ke4 Nh6 61. Kf3 Nf7 62. Kg3 Ne5 63. Ne4 Kf7 64. Nd6+ Ke6 65. Nf5 Kd5 66. Nh6 Nd7 67. Kf3 Kd4 68. Ng8 Ke5 69. Nh6 Kd5 70. Ng8 Kd4 71. Nh6 Ne5+ 72. Kg3 Ke4 73. Ng8 Nd7 74. Nh6 Kd3 75. Ng8 Ke3 76. Nh6 Nc5 77. Nf5+ Ke2 78. Nd4+ Kd3 79. Nf5 Ke4 80. Nd6+ Ke5 81. Nf7+ Ke4 82. Nd6+ Ke3 83. Nf5+ Kd3 84. Kf3 Ne6 85. Nh6 Nd4+ 86. Kg3 Ke4 87. Ng8 Ke5 88. Nh6 Ke6 89. Kf2 Nc6 90. Ke3 Ne5 91. Kf2 Nd7 92. Kg3 Nb6 93. Nf5 Nd5 94. Nd4+ Ke5 95. Nf5 Ke4 96. Nd6+ Kd4 97. Ne8 Ke3 98. Ng7 Nc3 99. Nf5+ Ke2 100. Nd4+ Kd3 101. Nf5 Ke4 102. Nd6+ Ke5 103. Nf5 Ne4+ 104. Kf3 Nd6 105. Nh6 Nb5 106. Kg3 Nd4 107. Ng8 Ne6 108. Kf3 Nc5 109. Kg3 Nb3 1/2-1/2


[Site "https://www.chess.com"]

[Event "Titled Tuesday Blitz May 30 Late 2023"]
[White "Bayo Milagro, Alvaro"]
[Black "Svane, Rasmus"]
[WhiteFideId "22275240"]
[BlackFideId "4657101"]
[WhiteElo "2270"]
[BlackElo "2601"]
[Result "1-0"]
[Round "07"]
[TimeControl "180+2"]
[Date "2023.05.31"]
[WhiteClock "0:00:08"]
[BlackClock "0:00:13"]

1. Nf3 d5 2. c4 e6 3. d4 a6 4. Bg5 Be7 5. Bxe7 Nxe7 6. Nbd2 O-O 7. g3 dxc4 8. Nxc4 b5 9. Ncd2 Bb7 10. Bg2 Nd7 11. Rc1 Rc8 12. Nb3 Bd5 13. O-O Bxb3 14. Qxb3 c5 15. dxc5 Nxc5 16. Qa3 Qb6 17. Rfd1 Nd5 18. b4 Ne4 19. e3 Rxc1 20. Rxc1 Qd6 21. Nd4 Nd2 22. Bxd5 Qxd5 23. Qxa6 h6 24. Qxb5 Qxa2 25. Qe2 Qb2 26. Rd1 e5 27. Rxd2 Qxb4 28. Nf3 f6 29. Kg2 Qe4 30. Qd3 Qg4 31. Qd5+ Kh8 32. Nh4 Kh7 33. Qf3 Qg5 34. Qf5+ Qxf5 35. Nxf5 Rf7 36. g4 g6 37. Ng3 Kg7 38. Rd6 Re7 39. h4 Rf7 40. h5 g5 41. Nf5+ Kh7 42. Re6 Rf8 43. Re7+ Kg8 44. Nxh6+ Kh8 45. Nf5 Rg8 46. Nd6 Rf8 47. Re8 Kg7 48. Rxf8 f5 49. Nxf5+ Kh7 50. Rf6 e4 51. Rh6+ Kg8 52. Ra6 Kf7 53. h6 Kg8 54. Ra7 Kh8 55. Kf1 Kg8 56. Ke2 Kh8 57. f3 Kg8 58. fxe4 Kh8 59. e5 Kg8 60. e6 Kh8 61. Rf7 Kg8 62. Kf3 Kh8 63. e7 Kg8 64. e8=Q# 1-0


[Site "https://www.chess.com"]

[Event "Titled Tuesday Blitz May 30 Late 2023"]
[White "Bryakin, Mikhail"]
[Black "Rosen, Eric"]
[WhiteFideId "4165314"]
[BlackFideId "2032562"]
[WhiteElo "2467"]
[BlackElo "2331"]
[Result "0-1"]
[Round "07"]
[TimeControl "180+2"]
[Date "2023.05.31"]
[WhiteClock "0:00:02"]
[BlackClock "0:00:05"]

1. b3 e5 2. Bb2 Nc6 3. e3 Nf6 4. Bb5 e4 5. d3 a6 6. Bxc6 dxc6 7. Ne2 Bd6 8. Nd2 exd3 9. cxd3 Bg4 10. h3 Bh5 11. Qc2 Qe7 12. Nf3 O-O-O 13. O-O-O Bxf3 14. gxf3 Ba3 15. Bxa3 Qxa3+ 16. Qb2 Qa5 17. Rhg1 Rhg8 18. Rd2 Qf5 19. Rg3 Rxd3 20. Qc2 Rd5 21. Rxd5 Qxc2+ 22. Kxc2 cxd5 23. b4 Kd7 24. Nd4 g6 25. a4 c6 26. a5 Kd6 27. Kd3 Re8 28. Rg1 Nd7 29. f4 Rc8 30. Rb1 Rb8 31. Rc1 Nf6 32. f3 Re8 33. Nb3 Nd7 34. e4 f6 35. h4 Nf8 36. Nc5 Re7 37. e5+ fxe5 38. fxe5+ Kc7 39. f4 Ne6 40. Ke3 Ng7 41. Rh1 Nf5+ 42. Kd3 Ng7 43. Ke3 Rf7 44. Kf3 Kd8 45. Kg4 Ke8 46. Ra1 Nh5 47. Nd3 Re7 48. Kg5 Kf8 49. Kg4 Rf7 50. Rc1 Ng7 51. b5 axb5 52. a6 bxa6 53. Rxc6 Nh5 54. Rxa6 b4 55. Rb6 Rc7 56. Rxb4 Rc3 57. Rb8+ Kg7 58. Rb7+ Kh6 59. e6 Rxd3 60. Rb3 Rxb3 61. f5 Rg3# 0-1


[Site "https://www.chess.com"]

[Event "Titled Tuesday Blitz May 30 Late 2023"]
[White "Arabidze, Meri"]
[Black "Petrosyan, Manuel"]
[WhiteFideId "13604040"]
[BlackFideId "13300857"]
[WhiteElo "2405"]
[BlackElo "2576"]
[Result "0-1"]
[Round "07"]
[TimeControl "180+2"]
[Date "2023.05.31"]
[WhiteClock "0:00:01"]
[BlackClock "0:00:06"]

1. d4 Nf6 2. Nf3 e6 3. c4 b6 4. g3 Ba6 5. Qa4 Bb7 6. Bg2 c5 7. dxc5 bxc5 8. O-O Be7 9. Nc3 O-O 10. Bf4 Qb6 11. Rfd1 d6 12. Qb5 Rd8 13. Rd2 h6 14. Rad1 Ne8 15. Qxb6 axb6 16. b3 g5 17. Be3 Bc6 18. Ne1 Nc7 19. Na4 Ra6 20. Bxc6 Nxc6 21. Nc2 b5 22. cxb5 Nxb5 23. f4 Rda8 24. Ne1 f5 25. fxg5 hxg5 26. Nf3 g4 27. Ng5 Nbd4 28. h4 gxh3 29. Nxh3 Kf7 30. Nf4 Bf6 31. Kf2 Ne5 32. Kg2 Ng4 33. Bg1 Be5 34. e3 Nc6 35. Nd3 c4 36. Nxe5+ Ncxe5 37. Rxd6 Rxa4 38. bxa4 Rxa4 39. R1d2 Nf6 40. Rd8 Ne4 41. Rc2 Nd3 42. Rc8 Ne1+ 43. Kh3 Nxc2 44. g4 Kg6 45. Rc6 Ng5+ 46. Kg3 Rxa2 47. gxf5+ Kxf5 48. e4+ Nxe4+ 49. Kf3 Ne1+ 50. Ke3 Ng2+ 51. Kd4 Rd2+ 52. Kxc4 Rc2+ 53. Kb5 Rxc6 54. Kxc6 Nf4 55. Kd7 Nd5 56. Bh2 Ndf6+ 57. Kc6 Ng4 58. Bc7 Ne5+ 59. Kb5 Nf7 60. Bb8 Nf6 61. Bc7 Nd5 62. Bb8 Ke4 63. Kc4 Ne5+ 64. Kb3 Nc6 65. Bh2 Kd3 66. Kb2 Nd4 67. Bg3 Ne3 68. Bh2 Nc4+ 69. Kc1 Nc2 70. Kd1 N4e3+ 71. Kc1 Nd4 72. Be5 Nc4 73. Bb8 Nc2 74. Bc7 Nb4 75. Bb8 Nc6 76. Bc7 Nd4 77. Bb8 Nb5 78. Bh2 Ne3 79. Bg3 Nc3 80. Bh2 Ne2+ 81. Kb2 Nc4+ 82. Kb3 Nd2+ 83. Kb4 Ne4 84. Be5 Nd4 85. Bc7 Nf6 86. Bh2 Ne4 87. Ka5 Nf5 88. Bf4 Kd4 89. Kb6 Kd5 90. Kc7 Nf2 91. Kd7 Nd3 92. Bh2 Ne5+ 93. Ke8 Ng4 94. Bb8 Nd6+ 95. Kd8 Ne3 96. Ke7 Nec4 97. Bc7 e5 98. Kf6 e4 0-1


[Site "https://www.chess.com"]

[Event "Titled Tuesday Blitz May 30 Late 2023"]
[White "Papasimakopoulos, Alexandros"]
[Black "Saveliev, Alexei"]
[WhiteFideId "4244125"]
[BlackFideId "24128546"]
[WhiteElo "2359"]
[BlackElo "2271"]
[Result "0-1"]
[Round "07"]
[TimeControl "180+2"]
[Date "2023.05.31"]
[WhiteClock "0:00:11"]
[BlackClock "0:00:07"]

1. d4 g6 2. c4 Bg7 3. e4 d6 4. Nc3 Nc6 5. Nge2 e5 6. Be3 f5 7. d5 Nce7 8. f3 Nf6 9. h3 O-O 10. g4 c6 11. g5 Nh5 12. Qd2 cxd5 13. cxd5 Bd7 14. O-O-O b5 15. b4 a5 16. a3 Qc8 17. Kb1 Qa6 18. Qb2 Rfc8 19. Nc1 axb4 20. axb4 Rxc3 21. Qxc3 fxe4 22. fxe4 Ng3 23. Bg2 Nxh1 24. Bxh1 Nf5 25. Rd2 Nxe3 26. Ra2 Nxd5 27. exd5 Qb7 28. Rxa8+ Qxa8 29. Be4 h6 30. h4 hxg5 31. hxg5 Qd8 32. Qe3 Bf5 33. Ne2 Bxe4+ 34. Qxe4 Qxg5 35. Nc3 Qd2 36. Nxb5 g5 37. Nxd6 g4 38. Nf5 Qd1+ 39. Kb2 Bf6 40. d6 Kf7 41. Qxg4 e4+ 42. Ka2 Qc2+ 43. Ka3 Bb2+ 44. Ka2 Bc3+ 45. Ka3 Qb2+ 46. Ka4 Qxb4# 0-1


[Site "https://www.chess.com"]